 Dungeon Crawl Stone Soup version 0.30-a0-622-gddc90eaa04 (webtiles) character file.

Game seed: 6792572768661287176

580 mandoloar the Cleaver (level 7, -2/61 HPs)
             Began as a Minotaur Fighter on Jan 11, 2023.
             Killed from afar by an electric eel (15 damage)
             ... with a bolt of electricity
             ... on level 4 of the Dungeon.
             The game lasted 00:11:29 (3703 turns).

mandoloar the Cleaver (Minotaur Fighter)            Turns: 3703, Time: 00:11:30

Health: -2/61      AC: 10    Str: 23    XL:     7   Next: 13%
Magic:  6/6        EV: 14    Int:  5    God:
Gold:   158        SH:  5    Dex:  9    Spells: 6/6 levels left

rFire   . . .      SeeInvis .    a - +1 war axe
rCold   . . .      Faith    .    c - +1 buckler
rNeg    . . .      Spirit   .    b - +0 scale mail
rPois   .          Reflect  .    (helmet restricted)
rElec   .          Harm     .    (no cloak)
rCorr   .          Rampage  .    f - +2 pair of gloves
Will    .....                    (no boots) Stlth
                                 (no amulet)
HPRegen 0.30/turn                k - +5 ring of evasion
MPRegen 0.10/turn                (no ring)

@: no status effects
A: horns 2, retaliatory headbutt
a: no special abilities


You were on level 4 of the Dungeon.
You visited 1 branch of the dungeon, and saw 5 of its levels.

You collected 158 gold pieces.

Inventory:

Hand Weapons
 a - a +1 war axe (weapon)
Missiles
 i - 61 stones (quivered)
 t - 4 poisoned darts
Armour
 b - a +0 scale mail (worn)
 c - a +1 buckler (worn)
 f - a +2 pair of gloves (worn)
Jewellery
 k - a +5 ring of evasion (left hand)
Wands
 m - a wand of polymorph (12)
 v - a wand of flame (13)
Scrolls
 j - a scroll of summoning
 l - a scroll of enchant armour
 o - a scroll of torment {unknown}
 r - 2 scrolls of magic mapping
 s - a scroll of teleportation
 u - a scroll of noise {unknown}
Potions
 d - 2 potions of might
 e - 2 potions of haste {unknown}
 g - 4 potions of flight
 h - 2 potions of curing {unknown}
 n - 2 potions of lignification {unknown}
 p - 2 potions of ambrosia {unknown}
 q - a potion of brilliance {unknown}
 w - a potion of cancellation {unknown}


   Skills:
 - Level 5.2 Fighting
 + Level 8.6 Axes
 - Level 3.6 Armour
 - Level 3.6 Shields


You had 6 spell levels left.
You didn't know any spells.
Your spell library contained the following spells:

 Spells                   Type           Power      Damage    Failure   Level
 Scorch                   Fire           0%         2d5       95%         2
 Gell's Gravitas          Tloc           0%         N/A       99%         3
 Lesser Beckoning         Tloc           0%         N/A       99%         3
 Teleport Other           Tloc           0%         N/A       99%         3
 Flame Wave               Conj/Fire      0%         2d4       100%        4
 Summon Cactus Giant      Summ           0%         N/A       100%        6


Dungeon Overview and Level Annotations

Branches:
Dungeon (5/15)
 Temple: D:4-7

Altars:
Kikubaaqudgha
Uskayaw

Shops:
D:3 =

Annotations:
D:4 1 transporter


Innate Abilities, Weirdness & Mutations

You have a pair of horns on your head.
You reflexively headbutt those who attack you in melee.


Message History

Blork the orc barely misses you.
You slash Blork the orc!
You kill Blork the orc!
You have reached level 7!
Things that are here:
a +0 hand axe; a +0 robe; the orc corpse of Blork the orc You start resting.
HP restored.
Partly explored, unvisited transporter.
Partly explored, unvisited transporter.
You see here a +0 hand axe.
There is a transporter here.
You enter the transporter and appear at another place.
v - a wand of flame (13)
w - a sedimented clear potion
There is a transporter landing site here.
You open the door.
The electric eel shoots out a bolt of lightning at you!
The bolt of electricity misses you. x2; The bolt of electricity hits the plant!
The plant begins to die.
The electric eel shoots out a bolt of lightning at you!
The bolt of electricity hits you! The bolt of electricity hits you.
There is an open door here.
The electric eel shoots out a bolt of lightning at you!
The bolt of electricity misses you.
The electric eel shoots out a bolt of lightning at you!
The bolt of electricity hits you! x2
* * * LOW HITPOINT WARNING * * *
You slash the electric eel!
You kill the electric eel!
You hit the electric eel.
The electric eel shoots out a bolt of lightning at you!
The bolt of electricity hits you.
* * * LOW HITPOINT WARNING * * *
You closely miss the electric eel. Your headbutt misses the electric eel.
The electric eel is moderately wounded.
A nearby plant withers and dies.
The electric eel shoots out a bolt of lightning at you!
The bolt of electricity hits you!
You die...

.####.##....#P.[.P#.......#..###.
.# #.##....###+###...##.....###.
.# #.#.....#~~~P~#.....#.##.....
.# #.#.....#~~P~~#...#...##..##.
.# #.......#~~~P~#...#.......##.
.#####..#.#.#~~⌠~~#........#.####
....##..#.#.#~~~P~#..........# #
###.........#~...~#....#.....#
###.........#~..@S#..<##.....#
............###'###.#.##.....#
.##(........#P...~#.#.##.....#
.#....[...#.#8.©.8#.#.##.....#
##.###....#.#######...##.....#
##.# #..#.#....©......##.....# #
#..###.##....#..)...#..##..######
..##...##.##.##........##.####...
####......##.).................##


You could see an electric eel.

Vanquished Creatures
  Sigmund (D:3)
  Blork the orc (D:4)
  A scorpion (D:4)
  An electric eel (D:4)
  2 hounds (D:4)
  Robin (D:2)
  4 adders
  5 gnolls
  3 dart slugs
  9 orcs
  6 bats
  4 endoplasms
  2 giant cockroaches (D:1)
  9 goblins
  10 hobgoblins
  4 jackals (D:1)
  8 kobolds
  5 quokkas
  6 ball pythons
  4 frilled lizards
  5 rats
91 creatures vanquished.

Vanquished Creatures (others)
  7 fungi (D:4)
  A plant (D:4)
8 creatures vanquished.

Grand Total: 99 creatures vanquished

Notes
Turn   | Place    | Note
-------+----------+-------------------------------------------
     0 | D:1      | mandoloar the Minotaur Fighter began the quest for the Orb.
     0 | D:1      | Reached XP level 1. HP: 19/19 MP: 0/0
   149 | D:1      | Reached XP level 2. HP: 27/27 MP: 1/1
   260 | D:1      | Reached skill level 3 in Axes
   753 | D:1      | Reached XP level 3. HP: 32/33 MP: 2/2
   861 | D:2      | Noticed Robin
   870 | D:2      | Killed Robin
  1035 | D:2      | Reached skill level 4 in Axes
  1039 | D:2      | Reached XP level 4. HP: 37/41 MP: 3/3
  1047 | D:2      | Reached skill level 5 in Fighting
  1087 | D:2      | Identified the +1 ring mail of a Gauntlet {Rampage Fly
                  | Will+ Slay-6}
  1793 | D:3      | Identified the +6 falchion "Docwyisitiu" {freeze, Dex+3}
  1831 | D:3      | Reached skill level 5 in Axes
  1831 | D:3      | Reached XP level 5. HP: 48/48 MP: 4/4
  1879 | D:3      | Found Ziwu Dopt's Jewellery Emporium.
  1920 | D:3      | Identified the +5 sling "Xuhavear" {heavy, Contam rC+
                  | Str+3}
  1956 | D:3      | Noticed Sigmund
  1957 | D:3      | Found a hide-covered altar of Uskayaw.
  1969 | D:3      | Killed Sigmund
  1970 | D:3      | Reached skill level 6 in Axes
  1970 | D:3      | Reached XP level 6. HP: 52/56 MP: 5/5
  2020 | D:3      | Found an ancient bone altar of Kikubaaqudgha.
  2254 | D:3      | Reached skill level 7 in Axes
  2274 | D:3      | Identified the +3 ring mail of the First Nightcaps {-Cast
                  | Will+++ Regen+ Dex-2}
  2743 | D:4      | Found a transporter.
  2745 | D:4      | Found a transporter.
  3039 | D:5      | Entered Level 5 of the Dungeon
  3508 | D:4      | Reached skill level 8 in Axes
  3624 | D:4      | Noticed Blork the orc
  3631 | D:4      | Killed Blork the orc
  3632 | D:4      | Reached XP level 7. HP: 59/61 MP: 6/6
  3703 | D:4      | Killed from afar by an electric eel

Illustrated notes

Levels and vault maps discovered:
D:1:      dpeg_arrival_windows_large_door, layout_basic, chequers_mini_garden
D:2:      layout_basic, uniq_robin
D:3:      layout_basic, mainiacjoe_overflow_catwalk_spiral, tgw_xom,
          serial_shops, shop, minmay_bisected, uniq_sigmund
D:4:      gammafunk_steamed_eel, layout_rooms, serial_aquarium,
          aquarium_bridge_square [aquarium_subvault_window,
          aquarium_subvault_balcony, aquarium_subvault_bridge,
          aquarium_subvault_wall], aquarium_window_fake,
          aquarium_window_corridor_1, aquarium_view_2c, cheibrodos_gnoll_hut,
          uniq_blork_the_orc
D:5:      layout_cave_pools, serial_co_window_serial,
          co_window_of_opportunity_a, co_window_corner_a, co_window_paths_b,
          co_window_of_opportunity_a, co_window_paths_a, co_window_corner_a,
          co_window_paths_a, co_window_corner_b, co_window_broadway_a,
          co_window_paths_c, co_window_cross_3, co_window_paths_d,
          glass_columns_c, glass_columns_b, glass_columns_a, glass_columns_b,
          glass_columns_a, lemuel_flame_loot_1, uniq_eustachio

Skill      XL: |  1  2  3  4  5  6 |
---------------+-------------------+-----
Fighting       | 4 5 |  5.2
Axes           | 3 4 5 6 8 |  8.6
Armour         | |  3.6
Shields        | |  3.6

Action                   |  1- 3 |  4- 6 |  7- 9 || total
-------------------------+-------+-------+-------++-------
Melee: War axe           |    72 |   106 |     2 ||   180
       Headbutt          |     6 |    16 |       ||    22
Throw: Stone             |       |     1 |       ||     1
  Use: Scroll            |       |     6 |       ||     6
Armor: Scale mail        |    31 |    31 |       ||    62
Dodge: Dodged            |    34 |    70 |     3 ||   107
Block: Buckler           |    17 |    21 |       ||    38

Table legend: (Time is in decaauts)
 A = Elapsed time spent in this place.
 B = Non-inter-level travel time spent in this place.
 C = Inter-level travel time spent in this place.
 D = Time resting spent in this place.
 E = Time spent auto-exploring this place.
 F = Levels seen in this place.
 G = Mean time per level.
                   A        B        C        D        E       F      G
               +--------+--------+--------+--------+--------+-----+--------+
         Total |   3756 |   3668 |     88 |    738 |   2200 |   5 |  751.2 |
       Dungeon |   3756 |   3668 |     88 |    738 |   2200 |   5 |  751.2 |
               +--------+--------+--------+--------+--------+-----+--------+

Top non-repeatable levels by time:
     D:3: 1155 daAuts
     D:4: 965 daAuts
     D:1: 873 daAuts
     D:2: 760 daAuts
     D:5: 1 daAuts
